 Dungeon Crawl Stone Soup version 0.29-a0-275-g389c0b56f3 (webtiles) character file.

Game seed: 4764087428929742572

149 Leszczynek the Chopper (level 5, 0/38 HPs)
             Began as a Human Gladiator on Mar 11, 2022.
             Frozen to death by an endoplasm (4 damage)
             ... on level 4 of the Dungeon.
             The game lasted 00:05:51 (856 turns).

Leszczynek the Chopper (Human Gladiator)             Turns: 856, Time: 00:05:51

Health: 0/38       AC:  6    Str: 16    XL:     5   Next: 57%
Magic:  5/5        EV: 11    Int:  8    God:
Gold:   98         SH:  0    Dex: 15    Spells: 4/4 levels left

rFire   . . .      SeeInvis +   a - +0 war axe
rCold   . . .      Faith    .   (no shield)
rNeg    . . .      Spirit   .   n - +0 ring mail
rPois   .          Reflect  .   c - +0 helmet
rElec   .          Harm     .   (no cloak)
rCorr   .          Rampage  .   (no gloves)
Will    .....                   (no boots)
Stlth   +.........              (no amulet)
HPRegen 0.12/turn               i - ring of see invisible
MPRegen 0.09/turn               (no ring)

@: mighty
A: no striking features
a: no special abilities


You were on level 4 of the Dungeon.
You visited 1 branch of the dungeon, and saw 4 of its levels.

You collected 98 gold pieces.

Inventory:

Hand Weapons
 a - a +0 war axe (weapon)
 b - a +0 hunting sling
Missiles
 d - 2 throwing nets (quivered)
 h - 4 boomerangs
Armour
 c - a +0 helmet (worn)
 k - a +0 leather armour
 n - a +0 ring mail (worn)
Jewellery
 i - a ring of see invisible (left hand)
Scrolls
 g - a scroll of immolation {unknown}
 j - a scroll of teleportation {unknown}
 m - a scroll of identify {unknown}
 o - a scroll of vulnerability {unknown}
 p - a scroll of blinking {unknown}


   Skills:
 - Level 2.0 Fighting
 + Level 5.8 Axes
 - Level 2.0 Throwing
 - Level 3.0 Dodging


You had 4 spell levels left.
You didn't know any spells.
Your spell library was empty.

Dungeon Overview and Level Annotations

Branches:
Dungeon (4/15)
 Temple: D:4-7

Altars:
Sif Muna

Shops:
D:2 (


Message History

You hit the hound.
You kill the hound!
You have reached level 5!
You hit the iguana.
The iguana is moderately wounded.
The iguana bites you!
You slash the iguana!
The iguana is severely wounded.
The iguana barely misses you.
You barely miss the iguana.
The iguana is severely wounded.
The endoplasm jiggles.
The iguana closely misses you. The iguana bites you.
You barely miss the iguana.
The iguana is severely wounded.
The iguana bites you!
You closely miss the iguana.
The iguana is severely wounded.
The iguana bites you but does no damage.
It was a potion of cancellation.
You feel magically purged. The iguana barely misses you.
It was a potion of might.
You feel very mighty all of a sudden. The iguana barely misses you.
You barely miss the iguana.
The iguana is severely wounded.
The iguana bites you!
* * * LOW HITPOINT WARNING * * *
You slash the iguana!
You kill the iguana!
Unknown command.
You hit the endoplasm.
The endoplasm is heavily wounded.
The endoplasm completely misses you. The endoplasm hits you.
* * * LOW HITPOINT WARNING * * *
You hit the endoplasm.
The endoplasm is almost dead.
The endoplasm freezes you.
You are frozen.
You die...

..# .#
##.#.## ..#
(#.# ##.#.#
... #.#.#
##.#.## ##.
#.#.#
##.#.## #
#.#.#
##.#.##
#.#.##
##.#.##
#.#.###.#.##
#J#.#.#.##
##@#.#.##
##.#.##
##.## ###


You could see an endoplasm.

Vanquished Creatures
  2 hounds (D:4)
  An iguana (D:4)
  2 adders
  2 adder zombies (D:2)
  An adder skeleton (D:2)
  A worm (D:2)
  A dart slug (D:4)
  An orc (D:2)
  4 bats
  3 endoplasms
  A giant cockroach (D:1)
  3 goblins
  2 hobgoblins
  A ball python (D:1)
  2 frilled lizards
  A jackal skeleton (D:2)
  2 kobolds (D:3)
  2 quokka skeletons (D:2)
  4 rats
36 creatures vanquished.

Notes
Turn   | Place    | Note
-------+----------+-------------------------------------------
     0 | D:1      | Leszczynek the Human Gladiator began the quest for the Orb.
     0 | D:1      | Reached XP level 1. HP: 16/16 MP: 1/1
   109 | D:2      | Reached XP level 2. HP: 14/22 MP: 2/2
   238 | D:1      | Reached skill level 4 in Axes
   238 | D:1      | Reached XP level 3. HP: 10/27 MP: 3/3
   434 | D:2      | Found a shimmering blue altar of Sif Muna.
   573 | D:2      | Found Xete's Antique Weapon Boutique.
   655 | D:3      | Reached XP level 4. HP: 19/33 MP: 4/4
   795 | D:4      | Reached skill level 5 in Axes
   846 | D:4      | Reached XP level 5. HP: 31/38 MP: 5/5
   853 | D:4      | HP: 5/38 [iguana (11)]
   856 | D:4      | Frozen to death by an endoplasm

Illustrated notes

Levels and vault maps discovered:
D:1:      sevenhm_arrival_forest_fort_small_6, layout_rooms,
          ebering_ecumenical_altar_box, minmay_misc_feat_tower
D:2:      layout_loops_cross, serial_shops, nicolae_shop_behind_doors,
          serial_undead, serial_undead_d, serial_undead_d, serial_undead_e,
          serial_undead_d, serial_undead_a, serial_undead_e, basic_altar
D:3:      layout_rooms, nicolae_tso_carved_into_rock
D:4:      minmay_inner_zag, layout_basic,
          chequers_temple_overflow_statue_of_worship, grunt_ministairs_14

Skill      XL: |  1  2  3  4 |
---------------+-------------+-----
Axes           | 4 5 |  5.8
Fighting       | |  2.0
Throwing       | |  2.0
Dodging        | |  3.0

Action                   |  1- 3 |  4- 6 || total
-------------------------+-------+-------++-------
Melee: War axe           |    86 |    37 ||   123
 Fire: Hunting sling     |       |     4 ||     4
Throw: Boomerang         |     9 |     2 ||    11
       Throwing net      |     3 |       ||     3
       Javelin           |       |     1 ||     1
  Use: Potion            |     1 |     2 ||     3
Armor: Leather armour    |    30 |     1 ||    31
       Ring mail         |       |    14 ||    14
Dodge: Dodged            |    69 |    27 ||    96

Table legend: (Time is in decaauts)
 A = Elapsed time spent in this place.
 B = Non-inter-level travel time spent in this place.
 C = Inter-level travel time spent in this place.
 D = Time resting spent in this place.
 E = Time spent auto-exploring this place.
 F = Levels seen in this place.
 G = Mean time per level.
                   A        B        C        D        E       F      G
               +--------+--------+--------+--------+--------+-----+--------+
         Total |    895 |    833 |     62 |      0 |      0 |   4 |  223.8 |
       Dungeon |    895 |    833 |     62 |      0 |      0 |   4 |  223.8 |
               +--------+--------+--------+--------+--------+-----+--------+

Top non-repeatable levels by time:
     D:2: 389 daAuts
     D:1: 248 daAuts
     D:3: 155 daAuts
     D:4: 101 daAuts
